 Dungeon Crawl Stone Soup version 0.25-a0-316-gd28d56f9c5 (webtiles) character file.

Game seed: 9588605237866505798, levelgen mode: deterministic

816 MisterFreud the Fighter (level 7, -2/68 HPs)
             Began as a Hill Orc Abyssal Knight on Dec 24, 2019.
             Was a Priest of Lugonu.
             Splashed by a jelly's acid (8 damage)
             ... on level 5 of the Dungeon.
             The game lasted 00:08:57 (4501 turns).

MisterFreud the Fighter (Hill Orc Abyssal Knight)   Turns: 4501, Time: 00:08:59

Health: -2/68      AC:  2    Str: 17    XL:     7   Next: 94%
Magic:  11/11      EV:  9    Int: 12    God:    Lugonu [***...]
Gold:   297        SH:  0    Dex: 10    Spells: 6/6 levels left

rFire    . . .     SeeInvis .   a - +1 hand axe
rCold    . . .     Gourm    .   (no shield)
rNeg     . . .     Faith    .   s - +0 scale mail
rPois    .         Spirit   .   q - +1 helmet
rElec    .         Reflect  .   (no cloak)
rCorr    .         Harm     .   k - +0 pair of gloves
MR       .....                  (no boots)
Stlth    ..........             (no amulet)
HPRegen  0.21/turn              g - +4 ring of protection
MPRegen  0.12/turn              (no ring)

@: corroded
A: no striking features
a: Depart the Abyss, Bend Space, Banish, Renounce Religion


You were on level 5 of the Dungeon.
You worshipped Lugonu.
Lugonu was most pleased with you.
You were not hungry.

You visited 1 branch of the dungeon, and saw 5 of its levels.
You visited the Abyss 1 time.

You collected 297 gold pieces.

Inventory:

Hand Weapons
 a - a +1 hand axe (weapon)
Missiles
 e - 125 stones (quivered)
 h - 14 sling bullets
 j - 19 bolts
Armour
 b - a +0 leather armour
 k - a +0 pair of gloves (worn)
 l - a +0 ring mail
 q - a +1 helmet (worn)
 s - a +0 scale mail (worn)
Jewellery
 g - a +4 ring of protection (left hand)
 u - an uncursed ring of fire
Wands
 x - a wand of digging (6)
 C - a wand of iceblast (9)
Scrolls
 f - 3 scrolls of blinking
 i - a scroll of fog {unknown}
 m - a scroll of remove curse
 o - 2 scrolls of enchant armour
 p - a scroll of magic mapping
 r - a scroll of teleportation
 y - a scroll of fear {unknown}
Potions
 d - a potion of lignification
 n - 2 potions of might
 t - a potion of magic
 v - a potion of heal wounds
 w - a potion of curing {unknown}
 z - a potion of degeneration {unknown}
 B - a potion of agility
Comestibles
 c - 9 rations
 A - 3 chunks of flesh


   Skills:
 - Level 8.0 Fighting
 - Level 2.6 Axes
 + Level 5.2 Armour
 - Level 0.7 Dodging
 + Level 6.2 Invocations


You had 6 spell levels left.
You didn't know any spells.
Your spell library contained the following spells:

 Spells                   Type           Power        Failure   Level  Hunger
 Magic Dart               Conj           #...         71%         1    ##.....
 Blink                    Tloc           N/A          83%         2    ###....
 Call Imp                 Summ           #.......     83%         2    ###....
 Slow                     Hex            #.......     83%         2    ###....
 Conjure Flame            Conj/Fire      #.......     97%         3    ####...
 Mephitic Cloud           Conj/Pois/Air  #.......     97%         3    ####...


Dungeon Overview and Level Annotations

Branches:
Dungeon (5/15)
 Temple: D:4-7

Altars:
Fedhas
Hepliaklqana
Xom
Yredelemnul


Message History

The jelly closely misses you.
You hit the jelly but do no damage.
Your hands burn!
The jelly is almost dead.
The jelly barely misses you.
You hit the jelly. The acid corrodes you!
Your hands burn!
The jelly is almost dead.
The jelly hits you.
You are splashed with acid.
* * * LOW HITPOINT WARNING * * *
The jelly hits you.
* * * LOW HITPOINT WARNING * * *
The acid corrodes you!
You are splashed with acid.
* * * LOW HITPOINT WARNING * * *
You hit the jelly but do no damage.
Your hands burn!
* * * LOW HITPOINT WARNING * * *
The jelly is almost dead.
The jelly jiggles.
The jelly hits you.
* * * LOW HITPOINT WARNING * * *
You are splashed with acid!
You die...

....... .......
....... #+#
....... #.#
....... # #.#
.......
##..###.##....[..
........@J.....>.
##.###.#####....
..
#..##..........
...
#.#...######..
.... #.....#
....####....#
#...........#
#.<.......###
#.........##


You could see a jelly.

Vanquished Creatures
  An ogre (D:4)
  A sky beast (D:5)
  A scorpion (D:3)
  A howler monkey (D:4)
  A crimson imp (D:5)
  A jelly (D:5)
  A hound (D:5)
  Jessica (D:2)
  Natasha (twice) (D:1)
  2 iguanas (D:5)
  Terence (D:2)
  A worker ant (D:5)
  Robin (D:2)
  7 gnolls
  9 adders
  4 oozes
  An adder zombie (D:5)
  An adder skeleton (D:4)
  2 worms (D:2)
  A dart slug (D:2)
  6 orcs
  3 ball pythons
  6 bats
  4 giant cockroaches
  12 goblins
  12 hobgoblins
  5 jackals (D:4)
  2 kobolds
  A quokka (D:3)
  7 frilled lizards
  4 rats
102 creatures vanquished.

Notes
Turn   | Place    | Note
-------+----------+-------------------------------------------
     0 | Abyss:1  | MisterFreud the Hill Orc Abyssal Knight began the quest for
                  | the Orb.
     0 | Abyss:1  | Reached XP level 1. HP: 19/19 MP: 2/2
    26 | D:1      | Escaped the Abyss
    91 | D:1      | Reached skill level 4 in Fighting
   126 | D:1      | Reached XP level 2. HP: 27/27 MP: 3/3
   290 | D:1      | Reached XP level 3. HP: 35/35 MP: 4/4
   429 | D:1      | Reached skill level 5 in Fighting
   600 | D:2      | Reached ** piety under Lugonu
   607 | D:2      | Noticed Natasha
   627 | D:1      | Killed Natasha
   627 | D:1      | Reached XP level 4. HP: 13/44 MP: 5/5
   655 | D:1      | Noticed Natasha
   680 | D:1      | Reached skill level 6 in Fighting
   896 | D:1      | Killed Natasha
   928 | D:2      | Noticed Robin
  1030 | D:1      | Reached XP level 5. HP: 43/51 MP: 6/6
  1089 | D:2      | Killed Robin
  1233 | D:2      | Reached skill level 7 in Fighting
  1297 | D:2      | Noticed Terence
  1327 | D:2      | Killed Terence
  1471 | D:2      | Noticed Jessica
  1484 | D:2      | Killed Jessica
  1694 | D:3      | Found a blossoming altar of Fedhas.
  1828 | D:3      | Reached XP level 6. HP: 51/61 MP: 7/7
  1884 | D:3      | Reached skill level 8 in Fighting
  2287 | D:3      | Reached *** piety under Lugonu
  3066 | D:4      | Found a hazy altar of Hepliaklqana.
  3071 | D:4      | Found a basalt altar of Yredelemnul.
  3072 | D:4      | Found a shimmering altar of Xom.
  3118 | D:4      | Reached XP level 7. HP: 59/68 MP: 8/10
  3865 | D:5      | Entered Level 5 of the Dungeon
  3886 | D:5      | Reached skill level 5 in Invocations
  4139 | D:5      | Reached skill level 5 in Armour
  4501 | D:5      | Splashed by a jelly's acid

Levels and vault maps discovered:
D:1:      zaba_arrival_water, layout_rooms
D:2:      layout_rooms, hex_intersection, hex_large,
          minmay_misc_feat_more_columns, uniq_jessica, uniq_natasha, uniq_robin,
          uniq_terence
D:3:      layout_basic, fedhas_altar_2, kennysheep_cross_bottleneck
D:4:      layout_basic, minitemple, first_ration
D:5:      layout_basic, kiku_gazebo_pond_becter, minmay_temple_entry_crystal_x,
          uniq_eustachio

Skill      XL: |  1  2  3  4  5  6  7 |
---------------+----------------------+-----
Fighting       | 4 5 6 7 8 |  8.0
Invocations    | 4 6 |  6.2
Armour         | 3 5 |  5.2
Axes           | |  2.6
Dodging        | |  0.7

Action                   |  1- 3 |  4- 6 |  7- 9 || total
-------------------------+-------+-------+-------++-------
Melee: Hand axe          |    96 |   255 |   159 ||   510
  Use: Scroll            |       |     4 |     4 ||     8
  Eat: Chunk             |       |     8 |     4 ||    12
Armor: Leather armour    |    12 |       |       ||    12
       Ring mail         |    27 |    62 |       ||    89
       Scale mail        |       |    95 |   110 ||   205
Dodge: Dodged            |    49 |   121 |    55 ||   225

Table legend:
 A = Non-vault XP
 B = Vault XP
 C = Vault XP percentage of total XP
 D = Non-vault monster count
 E = Vault monster count
 F = Vault count percentage of total count
                 A         B        C        D         E       F
            +---------+---------+-------+---------+---------+-------
      Total |    1025 |     141 |  12.1 |      88 |      14 |  13.7
            +---------+---------+-------+---------+---------+-------
        D:1 |      87 |      55 |  38.7 |      21 |      10 |  32.3
        D:2 |      61 |      86 |  58.5 |      18 |       4 |  18.2
        D:3 |     236 |       0 |   0.0 |      22 |       0 |   0.0
        D:4 |     247 |       0 |   0.0 |      15 |       0 |   0.0
        D:5 |     394 |       0 |   0.0 |      12 |       0 |   0.0
            +---------+---------+-------+---------+---------+-------
